 Dungeon Crawl Stone Soup version 0.27.1-35-g4d5d836560 (console) character file.

Game seed: 1524985111243787196

575 grimtooth the Skirmisher (level 7, -4/62 HPs)
             Began as a Palentonga Abyssal Knight on June 5, 2022.
             Was a Believer of Lugonu.
             Slain by Pikel (19 damage)
             ... on level 4 of the Dungeon.
             The game lasted 00:17:59 (3758 turns).

grimtooth the Skirmisher (PaAK)                     Turns: 3758, Time: 00:18:00

Health: -4/62      AC: 15    Str: 16    XL:     7   Next: 12%
Magic:  6/8        EV:  9    Int: 13    God:    Lugonu [**....]
Gold:   232        SH:  0    Dex: 10    Spells: 6/6 levels left

rFire    . . .     SeeInvis +   a - +1 mace
rCold    . . .     Faith    .   (no shield)
rNeg     . . .     Spirit   .   f - +0 leather armour
rPois    .         Reflect  .   j - +1 hat
rElec    .         Harm     .   (no cloak)
rCorr    .         Rampage  .   n - +2 pair of gloves
Will     .....                  (no barding)
Stlth    +.........             (no amulet)
HPRegen  0.20/turn              (no ring)
MPRegen  0.11/turn              (no ring)

@: curled up
A: large, rugged brown scales 3, see invisible, deformed body, roll 1, armoured
tail, reflexive curl
a: Rolling Charge, Renounce Religion, Depart the Abyss, Bend Space


You were on level 4 of the Dungeon.
You worshipped Lugonu.
Lugonu was pleased with you.
You visited 1 branch of the dungeon, and saw 4 of its levels.
You visited the Abyss 1 time.

You collected 232 gold pieces.

Inventory:

Hand Weapons
 a - a +1 mace (weapon)
 b - a +1 dagger of electrocution
Missiles
 l - 18 poisoned darts (quivered)
Armour
 f - a +0 leather armour (worn)
 j - a +1 hat (worn)
 n - a +2 pair of gloves (worn)
Wands
 q - a wand of flame (3)
Scrolls
 d - 3 scrolls of teleportation {unknown}
 p - a scroll of enchant weapon {unknown}
Potions
 c - a potion of cancellation
 e - a potion of magic
 g - 2 potions of flight
 h - a potion of invisibility
 i - a potion of degeneration {unknown}
 k - a potion of berserk rage {unknown}
 m - a potion of curing
 o - a potion of might {unknown}


   Skills:
 - Level 6.0 Fighting
 + Level 5.9 Maces & Flails
 - Level 1.5 Armour
 - Level 0.7 Dodging
 - Level 2.0 Invocations


You had 6 spell levels left.
You didn't know any spells.
Your spell library contained the following spells:

 Spells                   Type           Power      Damage    Failure   Level
 Ensorcelled Hibernation  Hex/Ice        0%         N/A       50%         2
 Spider Form              Tmut/Pois      0%         N/A       75%         3
 Stone Arrow              Conj/Erth      0%         3d7       75%         3
 Animate Armour           Summ/Erth      0%         N/A       98%         4
 Cause Fear               Hex            0%         N/A       98%         4
 Shadow Creatures         Summ           N/A        N/A       100%        6
 Dragon Form              Tmut           0%         N/A       100%        7
 Lehudib's Crystal Spear  Conj/Erth      0%         10d2      100%        8
 Dragon's Call            Summ           0%         N/A       100%        9


Dungeon Overview and Level Annotations

Branches:
Dungeon (4/15)
 Temple: D:4-7

Altars:
Uskayaw
Vehumet

Annotations:
D:4 Pikel


Innate Abilities, Weirdness & Mutations

You are completely covered in rugged brown scales. (AC +3, +7% HP)
You have supernaturally acute eyesight. (SInv)
Armour fits poorly on your strangely shaped body.
You can roll at nearby foes to attack.
You have a long armoured tail.
You curl defensively after being hit.


Message History

Aim: Pikel, wielding a +2 whip of electrocution and wearing a +0 robe (moderately wounded, 51% to hit)
You throw a poisoned dart. The poisoned dart hits Pikel.
Pikel is poisoned.
Pikel is moderately wounded.
Pikel hits you with a +2 whip of electrocution.
You are electrocuted!
* * * LOW HITPOINT WARNING * * *
Okay, then.
Space bends around you!
You blink.
Aiming: Throw Flame
Press: ? - help, Shift-Dir - straight line, f/p - Pikel
Aim: Pikel, wielding a +2 whip of electrocution and wearing a +0 robe (moderately wounded, poisoned, 60% to hit)
The puff of flame misses Pikel.
Aiming: Throw Flame
Press: ? - help, Shift-Dir - straight line, f - lemure, p - Pikel
Aim: a lemure (60% to hit)
The puff of flame hits Pikel.
Pikel is heavily wounded.
Aiming: Throw Flame
Press: ? - help, Shift-Dir - straight line, f/p - lemure
Aim: a lemure (60% to hit)
The puff of flame hits Pikel.
Pikel is heavily wounded.
Aiming: Throw Flame
Press: ? - help, Shift-Dir - straight line, f - Pikel
Aim: Pikel, wielding a +2 whip of electrocution and wearing a +0 robe (heavily wounded, poisoned, 60% to hit)
The puff of flame hits Pikel but does no damage.
Pikel is heavily wounded.
Pikel hits you with a +2 whip of electrocution!
* * * LOW HITPOINT WARNING * * *
Space bends around you!
You blink.
Pikel looks more healthy.
Press: ? - help, v - describe, . - travel
Here: Pikel, wielding a +2 whip of electrocution and wearing a +0 robe (severely wounded)
The floor.
Okay, then.
You feel better.
You fail to use your ability.
Pikel hits you but does no damage.
You are electrocuted!!
You die...

.....#.#.#.#.#.###....>......<...
.####.#.#.#.#5#.###......#.......
.##..#.#.#.#.#.#.................
....#.#.#.#.#(#...##.............
.....#.#.#.#.#.#..........#.....#
....#.#.#.#.#.#.5.#...##)##.....#
..........##.....##..###........#
......###......5..#..............
...........#....5..........#.....
...........##....K.#.......#...##
...........###..@..........##....
#..........#......#.......###....
...........##.##.###.......#.....
...............#................#
....##.##.............##........#
.#.##.......)....)....###........
_......##........###.###..#.##.#.
.#....###.....).###...##..#..###.
.#......##.......###......#..####
.#.................#...####..#.##
##...........[.........####.....#


You could see Pikel and 3 lemures.

Vanquished Creatures
  Grinder (D:4)
  A lemure (D:3)
  2 ogres (D:4)
  An orc priest (D:4)
  An iguana (D:4)
  2 orc wizards
  4 adders
  A white imp (D:3)
  An adder skeleton (D:4)
  3 dart slugs
  7 orcs
  13 endoplasms
  4 goblins
  4 hobgoblins
  3 jackals (D:2)
  2 quokkas
  4 ball pythons
  5 bats
  3 kobolds
  2 rats (D:1)
64 creatures vanquished.

Notes
Turn   | Place    | Note
-------+----------+-------------------------------------------
     0 | Abyss:1  | grimtooth the Palentonga Abyssal Knight began the quest for
                  | the Orb.
     0 | Abyss:1  | Reached XP level 1. HP: 19/19 MP: 2/2
    81 | D:1      | Escaped the Abyss
   409 | D:1      | Reached XP level 2. HP: 25/25 MP: 3/3
   418 | D:1      | You fall into a shaft and drop 1 floor!
  1063 | D:1      | Reached XP level 3. HP: 31/31 MP: 4/4
  1075 | D:1      | Reached ** piety under Lugonu
  1234 | D:1      | Found a faded altar of an unknown god.
  1354 | D:2      | Found a hide-covered altar of Uskayaw.
  1553 | D:2      | Reached skill level 4 in Fighting
  2008 | D:3      | Reached XP level 4. HP: 30/39 MP: 5/5
  2732 | D:4      | Noticed a lemure
  2732 | D:4      | Noticed a lemure
  2732 | D:4      | Noticed a lemure
  2732 | D:4      | Noticed Pikel
  2732 | D:4      | Noticed a lemure
  2784 | D:4      | Noticed an ogre
  2790 | D:4      | Killed an ogre
  2790 | D:4      | Noticed Grinder
  2791 | D:4      | Reached XP level 5. HP: 44/46 MP: 4/6
  2805 | D:4      | Killed Grinder
  2806 | D:4      | Reached skill level 5 in Fighting
  2806 | D:4      | Reached skill level 5 in Maces & Flails
  2806 | D:4      | Reached XP level 6. HP: 43/54 MP: 5/7
  3116 | D:4      | Reached skill level 6 in Fighting
  3116 | D:4      | Gained mutation: You curl defensively after being hit.
                  | [Palentonga growth]
  3116 | D:4      | Reached XP level 7. HP: 61/62 MP: 8/8
  3127 | D:4      | Reached *** piety under Lugonu
  3525 | D:4      | Found a radiant altar of Vehumet.
  3758 | D:4      | Slain by Pikel

Illustrated notes

Levels and vault maps discovered:
D:1:      dpeg_arrival_rhombi, layout_basic, shapermc_ecumenical_altar_ellora
D:2:      layout_loops_corners, basic_altar
D:3:      layout_loops_ring
D:4:      layout_cave_pools, lemuel_crystal_altar, minivault_23,
          minmay_misc_feat_iff, uniq_grinder, uniq_pikel

Skill      XL: |  1  2  3  4  5  6 |
---------------+-------------------+-----
Maces & Flails | 3 4 5 |  5.9
Fighting       | 4 5 6 |  6.0
Armour         | |  1.5
Dodging        | |  0.7
Invocations    | |  2.0

Action                   |  1- 3 |  4- 6 |  7- 9 || total
-------------------------+-------+-------+-------++-------
Melee: Mace              |    87 |    49 |    30 ||   166
       Tailslap          |     5 |     8 |     4 ||    17
Throw: Dart              |       |     3 |     7 ||    10
Invok: Bend Space        |       |     3 |     8 ||    11
 Abil: Rolling Charge    |    17 |    23 |     4 ||    44
Evoke: Wand              |       |       |     4 ||     4
  Use: Scroll            |       |     5 |       ||     5
       Potion            |       |       |     1 ||     1
Armor: Leather armour    |    54 |    11 |    18 ||    83
Dodge: Dodged            |    50 |    14 |     7 ||    71
